 Dungeon Crawl Stone Soup version 0.26-a0-1177-g1209ec82b9 (webtiles) character file.

Game seed: 16003715660921990055

83 dolemite99 the Chopper (level 4, -2/35 HPs)
             Began as a Hill Orc Fighter on Dec 25, 2020.
             Slain by an adder (3 damage)
             ... on level 2 of the Dungeon.
             The game lasted 00:00:37 (666 turns).

dolemite99 the Chopper (Hill Orc Fighter)            Turns: 666, Time: 00:00:37

Health: -2/35      AC:  6    Str: 19    XL:     4   Next: 44%
Magic:  4/4        EV:  7    Int:  8    God:
Gold:   6          SH:  9    Dex: 10    Spells: 3/3 levels left

rFire    . . .     SeeInvis .   a - +0 war axe
rCold    . . .     Faith    .   c - +0 kite shield
rNeg     . . .     Spirit   .   b - +0 scale mail
rPois    .         Reflect  .   (no helmet)
rElec    .         Harm     .   (no cloak)
rCorr    .         Rampage  .   (no gloves)
Will     +....                  (no boots)
Stlth    ..........             (no amulet)
HPRegen  0.11/turn              (no ring)
MPRegen  0.09/turn              (no ring)

@: mighty
A: talons 1, frail 1, strong-willed 1
a: no special abilities


You were on level 2 of the Dungeon.
You visited 1 branch of the dungeon, and saw 2 of its levels.

You collected 6 gold pieces.

Inventory:

Hand Weapons
 a - a +0 war axe (weapon)
Missiles
 j - 14 stones (quivered)
Armour
 b - a +0 scale mail (worn)
 c - a +0 kite shield (worn)
Scrolls
 e - a scroll of random uselessness {unknown}
 g - a scroll of remove curse {unknown}
 h - a scroll of blinking {unknown}
 i - a scroll of fear {unknown}
Potions
 d - a potion of might


   Skills:
 - Level 3.6 Fighting
 + Level 6.0 Axes
 - Level 3.2 Armour
 - Level 3.2 Shields


You had 3 spell levels left.
You didn't know any spells.
Your spell library was empty.

Dungeon Overview and Level Annotations

Branches:
Dungeon (2/15)

Altars:


Innate Abilities, Weirdness & Mutations

You have sharp toenails.
You are frail. (-10% HP)
You are strong-willed. (Will+)


Message History

* * * LOW HITPOINT WARNING * * *
It was a potion of mutation.
You feel extremely strange.
You feel frail.
Your toenails lengthen and sharpen.
You feel strong-willed. The howler monkey barely misses you.
You block the adder's attack. The adder bites you but does no damage.
A hobgoblin comes into view. It is wielding a +0 club.
You slice the adder!!
You kill the adder!
You slash the howler monkey!
You kill the howler monkey!
You closely miss the adder. The adder bites you.
* * * LOW HITPOINT WARNING * * *
The adder bites you but does no damage.
A goblin comes into view. It is wielding a +0 club.
Your Axes skill gained 2 levels and is now at level 6!
You have reached level 4!
You closely miss the adder. Your kick misses the adder.
You barely miss the frilled lizard. You block the adder's attack.
You block the frilled lizard's attack. The adder bites you.
You die...

...... # #.g.. . .##.... ..
.### g........ ....##...##.#
#......(..### #..lS......###
#...@#.#..<..#
#..(.#.....#.#
#.....####...#######. #####
#....................
......##.......###..........
......[.....#..........####.
..............########......
......######### ######
######


You could see an adder, a hobgoblin, a goblin and a frilled lizard.

Vanquished Creatures
  A howler monkey (D:2)
  Jessica (D:2)
  An adder (D:2)
  2 kobolds (D:1)
  3 bats (D:1)
  3 goblins
11 creatures vanquished.

Notes
Turn   | Place    | Note
-------+----------+-------------------------------------------
     0 | D:1      | dolemite99 the Hill Orc Fighter began the quest for the
                  | Orb.
     0 | D:1      | Reached XP level 1. HP: 19/19 MP: 1/1
   118 | D:1      | Reached skill level 3 in Axes
   487 | D:1      | Reached XP level 2. HP: 26/26 MP: 2/2
   623 | D:2      | Noticed Jessica
   634 | D:2      | Killed Jessica
   635 | D:2      | Reached skill level 4 in Axes
   635 | D:2      | Reached XP level 3. HP: 18/31 MP: 3/3
   663 | D:2      | HP: 1/31 [adder (2)]
   664 | D:2      | Gained mutation: You are frail. (-10% HP) [potion of
                  | mutation]
   664 | D:2      | Gained mutation: You have sharp toenails. [potion of
                  | mutation]
   664 | D:2      | Gained mutation: You are strong-willed. (Will+) [potion of
                  | mutation]
   666 | D:2      | Reached skill level 6 in Axes
   666 | D:2      | Reached XP level 4. HP: 1/35 MP: 4/4
   666 | D:2      | Slain by an adder

Illustrated notes

Levels and vault maps discovered:
D:1:      minmay_arrival_wavy_path, layout_loops_ring,
          chequers_serial_rivers_room_b
D:2:      layout_rooms, uniq_jessica

Skill      XL: |  1  2  3 |
---------------+----------+-----
Axes           | 3 4 6 |  6.0
Fighting       | |  3.6
Armour         | |  3.2
Shields        | |  3.2

Action                   |  1- 3 |  4- 6 || total
-------------------------+-------+-------++-------
Melee: War axe           |    34 |     1 ||    35
Throw: Stone             |     5 |       ||     5
  Use: Scroll            |     1 |       ||     1
       Potion            |     2 |       ||     2
Armor: Scale mail        |    18 |       ||    18
Dodge: Dodged            |    13 |       ||    13
Block: Kite shield       |    20 |     2 ||    22

Table legend: (Time is in decaauts)
 A = Elapsed time spent in this place.
 B = Non-inter-level travel time spent in this place.
 C = Inter-level travel time spent in this place.
 D = Time resting spent in this place.
 E = Time spent auto-exploring this place.
 F = Levels seen in this place.
 G = Mean time per level.
                   A        B        C        D        E       F      G
               +--------+--------+--------+--------+--------+-----+--------+
         Total |    688 |    683 |      5 |      0 |    558 |   2 |  344.0 |
       Dungeon |    688 |    683 |      5 |      0 |    558 |   2 |  344.0 |
               +--------+--------+--------+--------+--------+-----+--------+

Top non-repeatable levels by time:
     D:1: 606 daAuts
     D:2: 81 daAuts
